 Dungeon Crawl Stone Soup version 0.30-a0-956-gcec3b41aec (webtiles) character file.

Game seed: 15409245260964513754

5765 OhCrap the Cleaver (level 10, 0/93 HPs)
             Began as a Minotaur Berserker on Mar 29, 2023.
             Was an Elder of Trog.
             Slain by a vampire (8 damage)
             ... on level 11 of the Dungeon.
             The game lasted 00:17:47 (9753 turns).

OhCrap the Cleaver (Minotaur Berserker)             Turns: 9753, Time: 00:17:48

Health: 0/93       AC: 17    Str: 26    XL:     10   Next: 49%
Magic:  9/9        EV:  8    Int:  4    God:    Trog [****..]
Gold:   1484       SH:  0    Dex: 10    Spells: 9/9 levels left

rFire   + . .      SeeInvis .    a - +0 war axe (venom)
rCold   . . .      Faith    .    (no shield)
rNeg    . . .      Spirit   .    r - +0 plate armour
rPois   .          Reflect  .    (helmet restricted)
rElec   .          Rampage  .    e - +0 cloak
rCorr   +                        k - +0 pair of gloves
Will    .....                    (no boots) Stlth
                                 (no amulet)
HPRegen 0.35/turn                h - ring of resist corrosion
MPRegen 0.11/turn                u - ring of protection from fire

@: about to teleport, on berserk cooldown, slowed, studying Shields, invisible,
very slow
A: horns 2, retaliatory headbutt
a: Renounce Religion, Berserk, Trog's Hand, Brothers in Arms


You were on level 11 of the Dungeon.
You worshipped Trog.
Trog was greatly pleased with you.
You visited 2 branches of the dungeon, and saw 12 of its levels.

You collected 1484 gold pieces.

Inventory:

Hand Weapons
 a - a +0 war axe of venom (weapon)
 b - a +2 morningstar
 o - a +0 hand axe
 s - a +0 war axe of freezing
Missiles
 q - a throwing net (quivered)
Armour
 e - a +0 cloak (worn)
 k - a +0 pair of gloves (worn)
 r - a +0 plate armour (worn)
Jewellery
 h - a ring of resist corrosion (left hand)
 l - a ring of flight
 u - a ring of protection from fire (right hand)
Wands
 m - a wand of charming (4)
Scrolls
 c - 3 scrolls of identify
 j - a scroll of magic mapping
 p - a scroll of immolation
 t - 2 scrolls of teleportation
Potions
 d - a potion of invisibility
 f - 6 potions of heal wounds
 i - 2 potions of curing
 n - a potion of flight


   Skills:
 + Level 10.1 Fighting
 * Level 13.7 Axes
 + Level 9.8 Armour
 - Level 2.1 Dodging


You had 9 spell levels left.
You didn't know any spells.
Your spell library was empty.

Dungeon Overview and Level Annotations

Branches:
Dungeon (11/15)            Temple (1/1) D:4             Orc (0/2) D:10
   Lair: D:8-11

Altars:
Ashenzari
Cheibriados
Dithmenos
Makhleb
Sif Muna
Xom
Yredelemnul

Annotations:
D:2 1 runed translucent door, Crazy Yiuf
D:5 3 runed translucent doors, relicbr's ghost, weakling SpDe
D:10 1 runed translucent door, Krishahl's ghost, journeyman MeCA


Innate Abilities, Weirdness & Mutations

You have a pair of horns on your head.
You reflexively headbutt those who attack you in melee.


Message History

The black bear goes berserk!
The water moccasin closely misses you. The bullfrog completely misses you.
The black bear bites you but does no damage.
The black bear barely misses you.
The black bear claws you but does no damage.
The vampire barely misses you. You furiously retaliate!
You headbutt the vampire! The vampire bites you.
The vampire draws strength from your injuries!
As you read the scroll of teleportation, it crumbles to dust.
You feel strangely unstable.
A nearby plant withers and dies.
The water moccasin bites you.
The bullfrog hits you but does no damage.
The black bear barely misses you. The black bear closely misses you.
The black bear claws you but does no damage.
The water moccasin bites you but does no damage.
The bullfrog snags a nearby baby bat with its tongue.
The bullfrog completely misses you. You furiously retaliate!
You headbutt the bullfrog, but do no damage.
The vampire hits you but does no damage.
The vampire barely misses you.
The black bear bites you but does no damage.
The black bear barely misses you.
The black bear claws you but does no damage.
The water moccasin bites you.
You fade into invisibility!
The bullfrog hits you but does no damage.
The black bear closely misses you. x2; The black bear barely misses you.
The water moccasin barely misses you.
The vampire casts a spell.
The vampire flickers and vanishes!
Deactivating autopickup; reactivate with Ctrl-A.
The bullfrog hits you. The black bear barely misses you.
You furiously retaliate!
You headbutt the black bear!
The black bear claws you but does no damage.
The black bear barely misses you. The water moccasin closely misses you.
* * * LOW HITPOINT WARNING * * *
A killer bee comes into view.
The killer bee buzzes angrily.
Something hits you but does no damage. Something bites you!
You die... .!.PPPPP.PPPh

# ...P...P..P.
###y #P..P...P..P
....##.P..P..PP..
.....##P...P..PPP
..............P..
.......h.....PPPP
......FSh<##...##
#..(..@{#....##
.......##......#
##....# #.###...
###.# .# #. #. #.
. .# . .# ..


You could see a water moccasin (unable to see you), 2 black bears, a bullfrog
(unable to see you, very poisoned) and a killer bee (wandering, unable to see
you).

Vanquished Creatures
  Pikel (D:9)
  Joseph (D:8)
  Psyche (D:8)
  A komodo dragon (D:10)
  Sigmund (D:2)
  A wraith (D:10)
  A steam dragon (D:7)
  4 wargs (D:10)
  2 acid dragons
  A water moccasin (D:6)
  An orc warrior (D:7)
  3 sky beasts (D:7)
  2 black bears (D:5)
  2 ogres
  A centaur (D:7)
  A lemure (D:9)
  A phantom (D:5)
  2 kobold brigands
  2 bullfrogs (D:7)
  4 scorpions
  10 wights (D:8)
  6 killer bees (D:8)
  4 howler monkeys
  2 jellies
  2 hounds
  4 orc priests
  A gnoll bouda (D:3)
  An iron imp (D:10)
  3 sleepcaps
  3 iguanas
  7 orc wizards
  Robin (D:2)
  16 gnolls
  10 adders
  A shadow imp (D:5)
  3 ufetubi
  2 dart slugs
  21 orcs
  2 bats (D:1)
  6 endoplasms
  3 giant cockroaches
  12 goblins
  9 hobgoblins
  2 jackals (D:4)
  18 kobolds
  2 quokkas
  4 ball pythons
  A frilled lizard (D:3)
  4 rats
193 creatures vanquished.

Vanquished Creatures (others)
  12 fungi (D:11)
  14 plants
26 creatures vanquished.

Grand Total: 219 creatures vanquished

Notes
Turn   | Place    | Note
-------+----------+-------------------------------------------
     0 | D:1      | OhCrap the Minotaur Berserker began the quest for the Orb.
     0 | D:1      | Reached XP level 1. HP: 19/19 MP: 0/0
   135 | D:1      | Reached skill level 4 in Axes
   135 | D:1      | Reached XP level 2. HP: 27/27 MP: 1/1
   587 | D:2      | Reached XP level 3. HP: 29/33 MP: 2/2
   682 | D:2      | Reached skill level 5 in Axes
   682 | D:2      | Reached XP level 4. HP: 18/41 MP: 3/3
   816 | D:2      | Noticed Sigmund
   825 | D:2      | Killed Sigmund
   826 | D:2      | Reached skill level 5 in Fighting
   826 | D:2      | Reached skill level 6 in Axes
   826 | D:2      | Reached XP level 5. HP: 48/48 MP: 4/4
   957 | D:2      | Found a runed translucent door.
   958 | D:2      | Noticed Crazy Yiuf
  1127 | D:2      | Noticed Robin
  1131 | D:2      | Reached ** piety under Trog
  1138 | D:2      | Reached XP level 6. HP: 56/56 MP: 5/5
  1142 | D:2      | Killed Robin
  1766 | D:2      | Identified a scroll of acquirement
  1766 | D:2      | Acquired 945 gold pieces
  2401 | D:3      | Found a shimmering blue altar of Sif Muna.
  2748 | D:4      | Reached skill level 7 in Axes
  2900 | D:4      | Found a shadowy altar of Dithmenos.
  3014 | D:3      | Reached *** piety under Trog
  3130 | D:3      | Reached skill level 5 in Armour
  3130 | D:3      | Reached XP level 7. HP: 20/62 MP: 6/6
  3474 | D:4      | Found a staircase to the Ecumenical Temple.
  3481 | Temple   | Entered the Ecumenical Temple
  3877 | D:5      | Entered Level 5 of the Dungeon
  3941 | D:5      | Found a runed translucent gate.
  3941 | D:5      | Found a runed translucent gate.
  3941 | D:5      | Found a runed translucent gate.
  3989 | D:5      | Noticed relicbr's ghost (weakling SpDe)
  4031 | D:5      | Reached skill level 8 in Axes
  4294 | D:5      | Reached XP level 8. HP: 69/71 MP: 7/7
  4488 | D:5      | Reached skill level 9 in Axes
  5482 | D:6      | Identified the ring of False Pretenses {rN++ rCorr EV+5
                  | Int-4 SInv}
  5769 | D:6      | Found a broken altar of Ashenzari.
  5961 | D:7      | Reached skill level 10 in Axes
  6273 | D:7      | Reached XP level 9. HP: 42/81 MP: 5/8
  6487 | D:7      | Reached skill level 11 in Axes
  7015 | D:8      | Noticed Joseph
  7024 | D:8      | Killed Joseph
  7194 | D:8      | Reached skill level 12 in Axes
  7202 | D:8      | Reached **** piety under Trog
  7321 | D:8      | Noticed Psyche
  7327 | D:8      | Killed Psyche
  7420 | D:8      | Reached XP level 10. HP: 91/91 MP: 9/9
  7966 | D:9      | Identified the +3 leather armour of the Thistle {Rampage
                  | *Slow Regen+ Int+3}
  8107 | D:9      | Noticed Pikel
  8121 | D:9      | Killed Pikel
  8122 | D:9      | Reached skill level 13 in Axes
  8599 | D:10     | Entered Level 10 of the Dungeon
  8831 | D:10     | Found a basalt altar of Yredelemnul.
  8831 | D:10     | Found a burning altar of Makhleb.
  8877 | D:10     | Found a runed translucent door.
  8877 | D:10     | Found a shimmering altar of Xom.
  8877 | D:10     | Noticed Krishahl's ghost (journeyman MeCA)
  8877 | D:10     | Noticed a +1 war axe of chaos
  8935 | D:10     | Identified the +1 ring mail "Havost" {rPois Dex-5 Stlth+}
  9017 | D:10     | Reached skill level 10 in Fighting
  9153 | D:10     | Found a snail-covered altar of Cheibriados.
  9223 | D:10     | Found a staircase to the Orcish Mines.
  9753 | D:11     | Slain by a vampire

Illustrated notes

Levels and vault maps discovered:
D:1:      shiori_arrival_oz, layout_rooms, minmay_fountain_box
D:2:      layout_basic, grunt_decor_cap, minivault_11, uniq_crazy_yiuf_cottage,
          uniq_robin, uniq_sigmund
D:3:      layout_basic, lemuel_blue_sif_altar
D:4:      layout_rooms, mainiacjoe_overflow_alcove_2, minmay_temple_entry_hall,
          serial_bayou, serial_bayou_pond_d, serial_bayou_shore_a,
          serial_bayou_lagoon_a, serial_bayou_lake_a
D:5:      layout_rooms, gammafunk_ghost_necromancy, item_on_display_a
D:6:      layout_cave_pods, nicolae_ashenzari_skybound
D:7:      layout_rooms
D:8:      layout_basic, kennysheep_generic_room_8, uniq_joseph, uniq_psyche
D:9:      layout_rooms, chequers_serial_rivers_room_a, uniq_pikel
D:10:     layout_stronghold, slow_altar_2, mainiacjoe_overflow_divided_tiny,
          minmay_orc_entry_guard_dogs, ebering_ghost_xom
D:11:     layout_layer_cave, due_lair_maze_entry_diamond, serial_undead,
          serial_undead_b, serial_undead_e, serial_undead_e, serial_undead_e,
          serial_undead_b, serial_undead_e, serial_undead_c, uniq_lodul
Temple:   minmay_temple_bridge_d

Skill      XL: |  1  2  3  4  5  6  7  8  9 10 |
---------------+-------------------------------+-----
Axes           | 4 5 6 7 8 10 12 13 | 13.7
Fighting       | 4 5 6 7 9 10 | 10.1
Armour         | 3 4 5 6 7 9 |  9.8
Dodging        | |  2.1

Action                     |  1- 3 |  4- 6 |  7- 9 | 10-12 || total
---------------------------+-------+-------+-------+-------++-------
  Melee: Hand axe          |    35 |   110 |   106 |       ||   251
         Headbutt          |     3 |    17 |    43 |    21 ||    84
         War axe           |       |       |   132 |   102 ||   234
         Punch             |       |       |     2 |     1 ||     3
 Invoke: Berserk           |     1 |     3 |     9 |     1 ||    14
         Trog's Hand       |       |     1 |     3 |       ||     4
    Use: Scroll            |     4 |     6 |     7 |     2 ||    19
         Potion            |       |       |     6 |     4 ||    10
   Stab: Sleeping          |     2 |       |       |       ||     2
 Armour: Animal skin       |     3 |    20 |    22 |       ||    45
         Plate armour      |       |       |    65 |    74 ||   139
  Dodge: Dodged            |    24 |    67 |   123 |    54 ||   268

Table legend: (Time is in decaauts)
 A = Elapsed time spent in this place.
 B = Non-inter-level travel time spent in this place.
 C = Inter-level travel time spent in this place.
 D = Time resting spent in this place.
 E = Time spent auto-exploring this place.
 F = Levels seen in this place.
 G = Mean time per level.
                   A        B        C        D        E       F      G
               +--------+--------+--------+--------+--------+-----+--------+
         Total |   9918 |   9648 |    270 |   3195 |   4927 |  12 |  826.5 |
       Dungeon |   9917 |   9647 |    270 |   3195 |   4927 |  11 |  901.5 |
        Temple |      1 |      1 |      0 |      0 |      0 |   1 |    1.0 |
               +--------+--------+--------+--------+--------+-----+--------+

Top non-repeatable levels by time:
     D:2: 1283 daAuts
     D:3: 1212 daAuts
     D:6: 1193 daAuts
    D:10: 1138 daAuts
     D:4: 987 daAuts
     D:7: 987 daAuts
     D:9: 940 daAuts
     D:5: 837 daAuts
     D:8: 774 daAuts
     D:1: 543 daAuts
    D:11: 18 daAuts
  Temple: 1 daAuts
